 Dungeon Crawl Stone Soup version 0.21.0 (webtiles) character file.

126 Suckerboh the Cudgeler (level 4, 0/38 HPs)
             Began as a Minotaur Gladiator on Jan 5, 2018.
             Killed from afar by an orc wizard (6 damage)
             ... with a magic dart
             ... on level 3 of the Dungeon.
             The game lasted 00:02:22 (2333 turns).

Suckerboh the Cudgeler (Minotaur Gladiator)         Turns: 2333, Time: 00:02:22

Health: 0/38       AC:  3    Str: 18    XL:     4   Next: 83%
Magic:  3/3        EV: 13    Int:  5    God:
Gold:   82         SH:  0    Dex: 13    Spells: 3/3 levels left

rFire    . . .     SeeInvis .   a - +0 flail
rCold    . . .     Gourm    .   (no shield)
rNeg     . . .     Faith    .   b - +0 leather armour
rPois    .         Spirit   .   c - +0 hat
rElec    .         Reflect  .   (no cloak)
rCorr    .         Harm     .   (no gloves)
MR       .....                  (no boots)
Stlth    +.........             (no amulet)
HPRegen  0.12/turn              (no ring)
MPRegen  0.08/turn              (no ring)

@: confused, hasted, very quick
A: retaliatory headbutt, horns 2
a: no special abilities


You were on level 3 of the Dungeon.
You were not hungry.

You visited 1 branch of the dungeon, and saw 3 of its levels.

You collected 82 gold pieces.

Inventory:

Hand Weapons
 a - a +0 flail (weapon)
 n - a +0 blowgun
Missiles
 d - 3 throwing nets (quivered)
 q - 13 poisoned needles
Armour
 b - a +0 leather armour (worn)
 c - a +0 hat (worn)
Scrolls
 e - 2 scrolls of random uselessness {unknown}
 g - a scroll of identify {unknown}
 j - 3 scrolls of noise {unknown}
 k - 2 scrolls of teleportation {unknown}
 m - a scroll of magic mapping {unknown}
 r - a scroll of enchant weapon {unknown}
Potions
 h - a potion of curing {unknown}
 i - a potion of cancellation {unknown}
 l - a potion of haste
 p - a potion of heal wounds {unknown}
 s - 2 potions of magic {unknown}
Comestibles
 f - 2 rations
 o - 3 chunks of flesh


   Skills:
 + Level 3.2 Fighting
 + Level 5.0 Maces & Flails
 - Level 2.0 Throwing
 + Level 2.1 Armour
 + Level 4.3 Dodging


You had 3 spell levels left.
You didn't know any spells.

Dungeon Overview and Level Annotations

Branches:
Dungeon (3/15)

Altars:


Innate Abilities, Weirdness & Mutations

You reflexively headbutt those who attack you in melee.
You have a pair of horns on your head.


Message History

You are confused.
An orc comes into view. It is wielding a trident.
You're too confused to move!
The orc shouts!
Something hits you.
You bump into the rock wall.
Something hits you.
You miss something.
You hear some strange, mumbled words.
A magic dart appears from out of thin air!
The magic dart hits you! Something hits you but does no damage.
You bump into the rock wall.
You hear some strange, mumbled words.
A puff of flame appears from out of thin air!
The puff of flame hits you!
* * * LOW HITPOINT WARNING * * *
It was a potion of haste.
You feel yourself speed up.
You hear some strange, mumbled words.
A magic dart appears from out of thin air!
The magic dart hits you!
You die...

...###.. .......
...###.. ###
.)...... ..#
...###..# #.# ...#
#..# #o# ...###..#
#r# ......... #{#
........# .# #@#
...####.# #.# #.#
...# #.###.# #.#
...####...#.# #.#
......#.#.#.# #.#
........#.#.# #.#
).....###.#.# #.#
).).........####.#
.[<#####(........#


You could see an orc and a rat.

Vanquished Creatures
  An orc wizard (D:3)
  2 adders (D:2)
  3 gnolls (D:3)
  A worm (D:2)
  A leopard gecko (D:1)
  5 orcs (D:3)
  A ball python (D:3)
  4 bats
  A giant cockroach (D:2)
  5 goblins
  5 hobgoblins
  4 jackals (D:3)
  3 frilled lizards
  4 kobolds
  6 rats
46 creatures vanquished.

Notes
Turn   | Place    | Note
-------+----------+-------------------------------------------
     0 | D:1      | Suckerboh the Minotaur Gladiator began the quest for the Orb.
     0 | D:1      | Reached XP level 1. HP: 18/18 MP: 0/0
   493 | D:1      | Reached XP level 2. HP: 23/25 MP: 1/1
   714 | D:1      | Reached skill level 4 in Maces & Flails
   992 | D:2      | Reached XP level 3. HP: 19/30 MP: 2/2
  1119 | D:2      | Reached skill level 1 in Armour
  1490 | D:3      | Reached XP level 4. HP: 17/37 MP: 3/3
  2235 | D:3      | Reached skill level 5 in Maces & Flails
  2333 | D:3      | Killed from afar by an orc wizard

Skill      XL: |  1  2  3  4 |
---------------+-------------+-----
Maces & Flails | 4 5 |  5.0
Armour         | 1 2 |  2.1
Dodging        | 4 |  4.3
Fighting       | 3 |  3.2
Throwing       | |  2.0

Action                   |  1- 3 |  4- 6 || total
-------------------------+-------+-------++-------
Melee: Flail             |    62 |    45 ||   107
       Headbutt          |     6 |     5 ||    11
  Use: Potion            |       |     1 ||     1
 Stab: Sleeping          |     1 |       ||     1
  Eat: Chunk             |     1 |     3 ||     4
Armor: Leather armour    |    13 |     9 ||    22
Dodge: Dodged            |    62 |    36 ||    98
